 Dungeon Crawl Stone Soup version 0.30-a0-728-gc68057be0a (webtiles) character file.

Game seed: 16038187124945913772

13079 porpoise the Eye of the Storm (level 11, -1/81 HPs)
             Began as a Demonspawn Gladiator on Jan 31, 2023.
             Was a Priest of Qazlal.
             Slain by a wyvern (7 damage)
             ... on level 2 of the Lair of Beasts on Feb 1, 2023.
             The game lasted 00:52:01 (10789 turns).

porpoise the Eye of the Storm (DsGl)               Turns: 10789, Time: 00:52:01

Health: -1/81      AC: 18    Str: 18    XL:     11   Next: 70%
Magic:  0/19       EV: 11    Int: 12    God:    Qazlal [***...]
Gold:   371        SH:  9    Dex: 16    Spells: 10/10 levels left

rFire   . . .      SeeInvis +    a - +7 long sword of Biacunku {spect, rPois Will+ SInv}
rCold   . . .      Faith    .    C - +0 buckler
rNeg    . . .      Spirit   +    U - +4 scale mail of the Harp {SInv}
rPois   +          Reflect  .    R - +2 helmet
rElec   .          Harm     .    l - +0 cloak
rCorr   .          Rampage  .    (no gloves)
Will    +....                    x - +1 pair of boots Stlth
                                 (no amulet)
HPRegen 0.33/turn                r - ring of poison resistance
MPRegen 0.32/turn                P - ring "Caan" {Fly Int+3}

@: flying
A: claws 1, hooves 2, magic shield, magic regeneration, weakness stinger 1
a: Renounce Religion, Upheaval, Elemental Force


You were on level 2 of the Lair of Beasts.
You worshipped Qazlal.
Qazlal was most pleased with you.
You visited 3 branches of the dungeon, and saw 13 of its levels.
You also visited: Ossuary.

You collected 593 gold pieces.
You spent 222 gold pieces at shops.

Inventory:

Hand Weapons
 a - the +7 long sword of Biacunku (weapon) {spect, rPois Will+ SInv}
   (You found it on level 3 of the Dungeon)

   rPois:     It protects you from poison.
   SInv:      It lets you see invisible.
   Will:      It increases your willpower.
 b - a +1 sling of freezing
Armour
 l - a +0 cloak (worn)
 x - a +1 pair of boots (worn)
 C - a +0 buckler (worn)
 R - a +2 helmet (worn)
 U - the +4 scale mail of the Harp (worn) {SInv}
   (You found it on level 10 of the Dungeon)

   SInv:      It lets you see invisible.
Jewellery
 c - a ring of fire
 r - a ring of poison resistance (left claw)
 P - the ring "Caan" (right claw) {Fly Int+3}
   (You found it on level 7 of the Dungeon)

   [ring of flight]

   Int:       It affects your intelligence (+3).
   Fly:       It grants you flight.
Wands
 q - a wand of paralysis (7)
 v - a wand of iceblast (21)
 B - a wand of flame (27)
 K - a wand of light (7)
 X - a wand of polymorph (6)
Scrolls
 j - 2 scrolls of fog
 u - 5 scrolls of teleportation
 H - a scroll of silence {unknown}
 M - a scroll of fear
 Q - a scroll of blinking {unknown}
 W - a scroll of summoning {unknown}
Potions
 g - 6 potions of curing
 n - a potion of might
 o - 3 potions of attraction
 p - a potion of resistance
 t - 4 potions of lignification
 A - a potion of berserk rage
 D - 3 potions of cancellation
 E - a potion of heal wounds
 I - 2 potions of haste
 T - 2 potions of ambrosia {unknown}


   Skills:
 - Level 6.0 Fighting
 - Level 8.0 Long Blades
 - Level 5.0 Polearms
 - Level 1.7 Throwing
 - Level 5.0 Armour
 + Level 4.7 Dodging
 - Level 5.0 Shields
 + Level 8.1 Unarmed Combat
 + Level 10.9 Invocations


You had 10 spell levels left.
You didn't know any spells.
Your spell library contained the following spells:

 Spells                   Type           Power      Damage    Failure   Level
 Apportation              Tloc           0%         N/A       77%         1
 Necrotise                Necr           0%         1d4       77%         1
 Summon Small Mammal      Summ           0%         N/A       77%         1
 Poisonous Vapours        Pois/Air       0%         N/A       88%         2
 Dazzling Flash           Conj/Hex       0%         N/A       98%         3
 Tukima's Dance           Hex            0%         N/A       98%         3
 Vhi's Electric Charge    Tloc/Air       0%         N/A       98%         3
 Airstrike                Air            0%         2d(0-16)  100%        4
 Animate Dead             Necr           0%         N/A       100%        4
 Fulminant Prism          Conj/Hex       0%         3d5       100%        4
 Iskenderun's Mystic Bla  Conj/Tloc      0%         2d3       100%        4
 Passage of Golubria      Tloc           0%         N/A       100%        4
 Arcjolt                  Conj/Air       0%         1d10      100%        5
 Borgnjor's Vile Clutch   Necr/Erth      0%         N/A       100%        5
 Summon Mana Viper        Hex/Summ       0%         N/A       100%        5
 Yara's Violent Unravell  Hex/Tmut       0%         3d3       100%        5
 Death Channel            Necr           0%         N/A       100%        6
 Starburst                Conj/Fire      0%         6d3       100%        6
 Maxwell's Capacitive Co  Air            0%         ∞         100%        8


Dungeon Overview and Level Annotations

Branches:
Dungeon (10/15)            Temple (1/1) D:7            Lair (2/5) D:8
    Orc (0/2) D:9         Ossuary (visited)
  Swamp: Lair:2-3    Shoals: Lair:2-3     Snake: Lair:2-3    Spider: Lair:2-3

Altars:
Ashenzari
Cheibriados
Dithmenos
Fedhas
Gozag
Hepliaklqana
Kikubaaqudgha
Makhleb
Nemelex Xobeh
Okawaru
Qazlal
Ru
Sif Muna
Trog
Uskayaw
Vehumet
Wu Jian
Xom
Yredelemnul

Shops:
D:7 :   D:9 *

Portals:
Trove: D:10 (give +4 fire dragon scales)

Annotations:
D:5 2 transporters


Innate Abilities, Weirdness & Mutations

You have sharp fingernails.
You have hoof-like feet.
When hurt, damage is shared between your health and your magic reserves.
You regenerate magic rapidly.
You have a small tail.


Message History

* * * LOW HITPOINT WARNING * * *
The 13-headed hydra bites you but does no damage.
The wyvern bites you but does no damage.
The black mamba bites you but does no damage.
Okay, then.
You feel much better. The bullfrog hits you. The wyvern bites you.
The black mamba bites you but does no damage.
The 13-headed hydra bites you but does no damage. x2
The 13-headed hydra misses you.
The 13-headed hydra bites you but does no damage.
The 13-headed hydra bites you!
* * * LOW HITPOINT WARNING * * *
The 13-headed hydra bites you but does no damage. x3
You block the 13-headed hydra's attack. The 13-headed hydra bites you.
* * * LOW HITPOINT WARNING * * *
The 13-headed hydra misses you. You block the 13-headed hydra's attack.
The 13-headed hydra bites you but does no damage.
The bullfrog hits you but does no damage.
You block the wyvern's attack.
You barely miss the 13-headed hydra.
The 13-headed hydra is moderately wounded.
Your +7 long sword of Biacunku {spect, rPois Will+ SInv} hits the 13-headed hydra!!
Your +7 long sword of Biacunku {spect, rPois Will+ SInv} chops one of the 13-headed hydra's heads off!
The 12-headed hydra grows two more!
You block the black mamba's attack.
The bullfrog hits you but does no damage.
You block the black mamba's attack.
The 14-headed hydra is engulfed in freezing vapours.
The 14-headed hydra bites you but does no damage.
You block the 14-headed hydra's attack.
The 14-headed hydra bites you but does no damage. x2
The 14-headed hydra bites you!
* * * LOW HITPOINT WARNING * * *
The 14-headed hydra bites you but does no damage. x2
The 14-headed hydra closely misses you.
The 14-headed hydra bites you but does no damage. x3
The 14-headed hydra bites you.
* * * LOW HITPOINT WARNING * * *
The 14-headed hydra bites you but does no damage.
The 14-headed hydra barely misses you. The wyvern bites you!
You die...

...........#.#
#...........## .#
#.........P.P# .#
###.........## ##.P#
#.........## .#.###
#........#.### .....##
#......P...PP##.......
#..............Fl......
####.......#####@D......
# ##......# #S(.#.#.# #
#...###. ##...... #
P...## #. ..#.... ..
.... ## ....... .## P.
..#...> ## .......
###...


You could see a 14-headed hydra, a black mamba, a wyvern (blind), a bullfrog and
a friendly +7 long sword of Biacunku {spect, rPois Will+ SInv} (summoned).

Vanquished Creatures
  A two-headed ogre (D:9)
  A cane toad (Lair:1)
  Maggie (D:6)
  An unseen horror (D:10)
  2 komodo dragons (Lair:1)
  2 trolls (D:10)
  Grinder (D:5)
  A hornet (Lair:1)
  Sigmund (D:2)
  3 shadows
  24 yaks
  4 wraiths
  A wyvern (D:9)
  A basilisk (Lair:1)
  A steam dragon (D:7)
  Eustachio (D:6)
  2 acid dragons
  3 water moccasins
  2 sky beasts
  4 orc warriors
  3 ice beasts
  An ogre (D:4)
  2 black bears (D:5)
  5 wolves (Lair:1)
  4 centaurs
  A kobold brigand (D:9)
  3 necrophages
  2 gnoll sergeants
  5 bullfrogs
  3 scorpions
  2 wights (Ossuary)
  12 killer bees
  2 electric eels (Lair:1)
  2 jellies
  7 howler monkeys
  A hound (D:5)
  A gnoll bouda (D:10)
  5 orc priests
  Ijyb (D:3)
  12 orc wizards
  4 iguanas
  6 adders
  12 gnolls
  2 shadow imps
  2 white imps
  An adder zombie (Ossuary)
  3 dart slugs
  42 orcs
  5 ball pythons
  5 endoplasms
  A giant cockroach (D:3)
  15 goblins
  4 hobgoblins
  6 jackals
  3 quokkas
  3 ball python skeletons (Ossuary)
  8 bats
  3 frilled lizards
  2 hobgoblin skeletons (Ossuary)
  6 kobolds
  2 kobold zombies (Ossuary)
  An orc zombie (Ossuary)
  6 rats
273 creatures vanquished.

Vanquished Creatures (others)
  5 fungi
  4 plants
9 creatures vanquished.

Grand Total: 282 creatures vanquished

Notes
Turn   | Place    | Note
-------+----------+-------------------------------------------
     0 | D:1      | porpoise the Demonspawn Gladiator began the quest for the
                  | Orb.
     0 | D:1      | Reached XP level 1. HP: 16/16 MP: 1/1
   111 | D:1      | Gained mutation: You regenerate magic rapidly. [demonic
                  | ancestry]
   111 | D:1      | Reached XP level 2. HP: 22/22 MP: 2/2
   545 | D:1      | Reached XP level 3. HP: 28/28 MP: 3/3
  1299 | D:2      | Noticed Sigmund
  1315 | D:2      | Killed Sigmund
  1316 | D:2      | Reached skill level 5 in Polearms
  1316 | D:2      | Gained mutation: When hurt, damage is shared between your
                  | health and your magic reserves. [demonic ancestry]
  1316 | D:2      | Reached XP level 4. HP: 20/37 MP: 4/4
  1316 | D:2      | Discovered your monstrous ancestry.
  1316 | D:2      | Gained mutation: You have large cloven feet. [demonic
                  | ancestry]
  1316 | D:2      | Reached XP level 5. HP: 23/42 MP: 5/5
  2036 | D:3      | Found a faded altar of an unknown god.
  2190 | D:3      | Identified the +7 long sword of Biacunku {spect, rPois
                  | Will+ SInv}
  2427 | D:3      | Noticed Ijyb
  2436 | D:3      | Killed Ijyb
  2437 | D:3      | Reached skill level 1 in Long Blades
  2869 | D:4      | Gained mutation: You have a small tail. [demonic ancestry]
  2869 | D:4      | Reached XP level 6. HP: 48/48 MP: 6/6
  2909 | D:4      | Got Sif Muna's Omnibus of Foggy Glamour
  3748 | D:5      | Entered Level 5 of the Dungeon
  3856 | D:5      | Found a sand-covered staircase.
  3865 | Ossuary  | Entered an ossuary
  3965 | Ossuary  | Noticed a wraith
  3965 | Ossuary  | Noticed a flying skull
  3972 | Ossuary  | Noticed a flying skull
  3974 | Ossuary  | Noticed a flying skull
  3984 | Ossuary  | Noticed a flying skull
  4000 | Ossuary  | Gained mutation: You have sharp fingernails. [demonic
                  | ancestry]
  4000 | Ossuary  | Reached XP level 7. HP: 55/55 MP: 7/7
  4022 | Ossuary  | Noticed a flying skull
  4029 | Ossuary  | Noticed a wraith
  4032 | Ossuary  | Killed a wraith
  4033 | Ossuary  | Reached skill level 5 in Fighting
  4045 | Ossuary  | Noticed a wraith
  4050 | Ossuary  | Killed a wraith
  4051 | Ossuary  | Reached skill level 5 in Long Blades
  4051 | Ossuary  | Reached skill level 1 in Shields
  4262 | D:5      | Gained mutation: You have hoof-like feet. [demonic
                  | ancestry]
  4262 | D:5      | Reached XP level 8. HP: 62/62 MP: 8/8
  4263 | D:5      | Found an ancient bone altar of Kikubaaqudgha.
  4263 | D:5      | Found an ornate altar of the Wu Jian Council.
  4342 | D:5      | Found a transporter.
  4342 | D:5      | Found a transporter.
  4625 | D:5      | Noticed Grinder
  4638 | D:5      | Killed Grinder
  5488 | D:6      | Noticed Eustachio
  5498 | D:6      | Killed Eustachio
  5499 | D:6      | Reached XP level 9. HP: 58/68 MP: 7/9
  5623 | D:6      | Noticed Maggie
  5634 | D:6      | Killed Maggie
  6017 | D:7      | Reached skill level 5 in Shields
  6019 | D:7      | Reached skill level 1 in Unarmed Combat
  6048 | D:7      | Found Dyoppal's Book Emporium.
  6252 | D:7      | Found a staircase to the Ecumenical Temple.
  6269 | Temple   | Entered the Ecumenical Temple
  6443 | Temple   | Became a worshipper of Qazlal Stormbringer
  6523 | D:7      | Reached skill level 1 in Invocations
  6626 | D:7      | Identified the ring "Caan" {Fly Int+3}
  6752 | D:8      | Reached skill level 1 in Armour
  6752 | D:8      | Reached skill level 2 in Invocations
  6909 | D:8      | Found a staircase to the Lair.
  6919 | D:8      | Reached skill level 3 in Invocations
  6924 | D:8      | Reached skill level 4 in Invocations
  6932 | D:8      | Reached XP level 10. HP: 45/76 MP: 6/13
  7192 | D:8      | Reached skill level 5 in Invocations
  7229 | D:8      | Reached * piety under Qazlal
  7788 | D:9      | Reached skill level 6 in Invocations
  7790 | D:9      | Reached skill level 5 in Unarmed Combat
  7792 | D:9      | Noticed a two-headed ogre
  7796 | D:9      | Killed a two-headed ogre
  7847 | D:9      | Reached skill level 7 in Invocations
  7853 | D:9      | Reached skill level 5 in Armour
  8003 | D:9      | Found Oteip's Assorted Antiques.
  8013 | D:9      | Bought a knobbly tourmaline ring for 185 gold pieces
  8013 | D:9      | Bought a scroll labelled SALOFF SAMIREL for 37 gold pieces
  8055 | D:9      | Reached ** piety under Qazlal
  8056 | D:9      | Reached skill level 8 in Invocations
  8335 | D:9      | Found a staircase to the Orcish Mines.
  8527 | D:10     | Entered Level 10 of the Dungeon
  8597 | D:10     | Reached XP level 11. HP: 81/81 MP: 17/17
  8778 | D:10     | Reached skill level 9 in Invocations
  8890 | D:10     | Identified the +4 scale mail of the Harp {SInv}
  9407 | D:10     | Found a portal to a secret trove of treasure.
  9607 | Lair:1   | Entered Level 1 of the Lair of Beasts
  9648 | Lair:1   | Reached *** piety under Qazlal
  9884 | Lair:1   | Reached skill level 10 in Invocations
 10777 | Lair:2   | Noticed a five-headed hydra
 10789 | Lair:2   | Slain by a wyvern

Illustrated notes

Levels and vault maps discovered:
D:1:      minmay_arrival_radiant_lines, layout_basic
D:2:      layout_basic, kennysheep_generic_room_15, uniq_sigmund
D:3:      kennysheep_goblin_castle, layout_basic,
          hellmonk_ecumenical_altar_crossroads
D:4:      nicolae_cairo_tiling_large_dashed, layout_cave_pods
D:5:      layout_loops_corners, gammafunk_temple_overflow_arena,
          nicolae_ossuary_entry_monument, kennysheep_pointless_box, uniq_grinder
D:6:      layout_loops_ring, uniq_maggie, uniq_eustachio
D:7:      layout_gridville, minmay_temple_entry_stoned_glass, serial_shops,
          nicolae_shop_crystal
D:8:      layout_basic, dpeg_oklobed_lair, serial_rivers,
          chequers_serial_rivers_large_a, chequers_serial_rivers_marsh,
          chequers_serial_rivers_small_a, chequers_serial_rivers_micro_b,
          chequers_serial_rivers_micro_d, minmay_misc_feat_ornament
D:9:      layout_rooms, hiddenorc2_lemuel, serial_shops, shop,
          minmay_diced_spiral
D:10:     layout_long_grid, nicolae_trove_entry_crystal,
          hangedman_decor_riveting, minmay_starry_boxes
Temple:   nicolae_temple_slightly_damp_pantheon
Lair:1:   layout_chaotic_city, chequers_serial_rivers_room_a
Lair:2:   layout_roguey, minmay_shoals_entry_beasts,
          lightli_volcano_entry_magma_tube, st_stairs_4, lemuel_fruit_fields

Skill      XL: |  1  2  3  4  5  6  7  8  9 10 11 |
---------------+----------------------------------+-----
Polearms       | 3 5 |  5.0
Fighting       | 3 4 5 6 |  6.0
Long Blades    | 1 3 5 7 8 |  8.0
Shields        | 1 4 5 |  5.0
Unarmed Combat | 4 6 8 |  8.1
Invocations    | 4 8 10 | 10.9
Armour         | 2 5 |  5.0
Dodging        | 4 |  4.7
Throwing       | |  1.7

Action                     |  1- 3 |  4- 6 |  7- 9 | 10-12 || total
---------------------------+-------+-------+-------+-------++-------
  Melee: Trident           |   101 |    22 |       |       ||   123
         Long sword        |       |    36 |   129 |   238 ||   403
         Kick              |       |     8 |       |       ||     8
         Punch             |       |     2 |       |       ||     2
         Tailslap          |       |     1 |    22 |    33 ||    56
   Fire: Sling             |     3 |    66 |    25 |    70 ||   164
  Throw: Throwing net      |       |       |     1 |       ||     1
  Evoke: Wand              |       |       |     1 |     4 ||     5
    Use: Potion            |     2 |       |     1 |     1 ||     4
         Scroll            |       |    13 |     3 |     5 ||    21
   Stab: Distracted        |       |     1 |     3 |     2 ||     6
         Invisible         |       |       |       |     2 ||     2
 Armour: Leather armour    |     3 |       |       |       ||     3
         Ring mail         |    11 |    18 |    39 |    52 ||   120
         Scale mail        |       |       |       |    68 ||    68
  Dodge: Dodged            |    36 |    42 |    64 |   115 ||   257
  Block: Buckler           |       |       |    21 |   107 ||   128

Table legend: (Time is in decaauts)
 A = Elapsed time spent in this place.
 B = Non-inter-level travel time spent in this place.
 C = Inter-level travel time spent in this place.
 D = Time resting spent in this place.
 E = Time spent auto-exploring this place.
 F = Levels seen in this place.
 G = Mean time per level.
                   A        B        C        D        E       F      G
               +--------+--------+--------+--------+--------+-----+--------+
         Total |  10870 |  10382 |    488 |   1318 |   6853 |  14 |  776.4 |
       Dungeon |   9182 |   8755 |    427 |   1098 |   6027 |  10 |  918.2 |
        Temple |    193 |    174 |     19 |      0 |    147 |   1 |  193.0 |
          Lair |   1187 |   1145 |     42 |    214 |    679 |   2 |  593.5 |
       Ossuary |    306 |    306 |      0 |      6 |      0 |   1 |  306.0 |
               +--------+--------+--------+--------+--------+-----+--------+

Top non-repeatable levels by time:
     D:5: 1200 daAuts
  Lair:1: 1067 daAuts
     D:8: 1040 daAuts
     D:1: 1021 daAuts
    D:10: 999 daAuts
     D:4: 922 daAuts
     D:2: 921 daAuts
     D:3: 921 daAuts
     D:9: 861 daAuts
     D:6: 754 daAuts
     D:7: 539 daAuts
 Ossuary: 306 daAuts
  Temple: 193 daAuts
  Lair:2: 120 daAuts
